 Dungeon Crawl Stone Soup version 0.30-a0-718-geaa24f58ff (webtiles) character file.

Game seed: 5310106787356225221

229 M4edhros the Insei (level 6, -4/41 HPs)
             Began as an Octopode Transmuter on Jan 25, 2023.
             Slain by an ogre
             ... wielding a +0 giant club
              (25 damage)
             ... on level 5 of the Dungeon.
             The game lasted 00:01:17 (606 turns).

M4edhros the Insei (Octopode Transmuter)             Turns: 606, Time: 00:01:17

Health: -4/41      AC:  1    Str: 10    XL:     6   Next: 3%
Magic:  8/9        EV: 14    Int: 15    God:
Gold:   11         SH:  0    Dex: 14    Spells: 8/9 levels left

rFire   . . .      SeeInvis .      - Unarmed
rCold   . . .      Faith    .    (no shield)
rNeg    . . .      Spirit   .    (helmet currently unavailable)
rPois   .          Reflect  .    (no amulet)
rElec   .          Harm     .    (no ring)
rCorr   .          Rampage  .    (no ring)
Will    .....                    (no ring)
Stlth   ++                       (no ring)
HPRegen 0.26/turn                (no ring)
MPRegen 0.11/turn                (no ring)
                                 (no ring)
                                 (no ring)

@: brilliant, appendages
A: tentacle spike 3, almost no armour, amphibious, 8 rings, camouflage 1,
gelatinous body 1, (nimble swimmer 1), tentacles
a: End Transformation


You were on level 5 of the Dungeon.
One of your tentacles had grown a beastly spike.
You visited 1 branch of the dungeon, and saw 5 of its levels.

You collected 11 gold pieces.

Inventory:

Missiles
 c - 5 poisoned darts
Wands
 f - a wand of polymorph (7)
Scrolls
 d - 2 scrolls of enchant weapon {unknown}
 e - 2 scrolls of identify {unknown}
 h - a scroll of enchant armour {unknown}
 i - 4 scrolls of torment {unknown}
Potions
 a - a potion of lignification


   Skills:
 + Level 2.9 Fighting
 + Level 3.4 Dodging
 * Level 5.0 Unarmed Combat
 - Level 2.0 Spellcasting
 - Level 2.0 Transmutations


You had 8 spell levels left.
You knew the following spells:

 Your Spells              Type           Power      Damage    Failure   Level
a - Beastly Appendage     Tmut           22%        N/A       10%         1

Your spell library contained the following spells:

 Spells                   Type           Power      Damage    Failure   Level
 Wereblood                Tmut           11%        N/A       14%         2
 Spider Form              Tmut/Pois      6%         N/A       41%         3
 Ice Form                 Ice/Tmut       6%         N/A       82%         4


Dungeon Overview and Level Annotations

Branches:
Dungeon (4/15)
 Temple: D:4-7

Altars:

Annotations:
D:3 1 runed translucent door, Crazy Yiuf


Innate Abilities, Weirdness & Mutations

One of your tentacles has grown a beastly spike.
You cannot wear most types of armour.
You are amphibious.
You can wear up to eight rings at the same time.
Your skin changes colour to match your surroundings (Stealth+).
Your rubbery body absorbs attacks. (AC +1, EV +1)
((You are camouflaged when in or above water. (Stealth+)))
You have tentacles for arms and can constrict up to eight enemies at once.


Message History

You constrict the iguana, but do no damage.
You tentacle-slap the iguana.
The iguana is heavily wounded.
You constrict the iguana. The iguana completely misses you.
You tentacle-slap the iguana.
The iguana is almost dead.
You constrict the iguana.
You kill the iguana!
Your Unarmed Combat skill increases to level 5!
You have reached level 6!
Okay, then.
Aiming: Polymorph
Press: ? - help, Shift-Dir - straight line, f - ogre
Aim: an ogre, wielding a +0 giant club (will become a yak, a boggart, or a fire bat, chance to affect: 49%)
Okay, then.
Unknown command.
It was a potion of curing.
You feel better.
It was a potion of brilliance.
You feel clever all of a sudden.
Okay, then.
Casting: Beastly Appendage (safe; 10% risk of failure)
Confirm with . or Enter, or press ? or * to list all spells.
You don't know that spell.
Casting: Beastly Appendage (safe; 10% risk of failure)
Confirm with . or Enter, or press ? or * to list all spells.
You feel a surge of power!
One of your tentacles grows a vicious spike.
Okay, then.
You completely miss the ogre.
Your tentacle spike misses the ogre.
The ogre hits you with a +0 giant club!!
You tentacle-slap the ogre.
The ogre is lightly wounded.
The ogre closely misses you.
You tentacle-slap the ogre.
The ogre is lightly wounded.
You barely miss the ogre.
Your tentacle spike misses the ogre.
The ogre is lightly wounded.
The ogre hits you with a +0 giant club!!
Ouch! That really hurt!
You die...

#....#
#....#........
#....#........
#...(#........
#....#..$....
#....#.....#
#....#.....#
#....#†O...+
#....#@....#
#....#.....#
#....'.....#
#....#.....#
........#.....#
........#.....#
##......#.....#
.##..####.....#
.8#.. +.....#


You could see an ogre.

Vanquished Creatures
  Sigmund (D:3)
  Ijyb (D:3)
  An iguana (D:5)
  An adder (D:3)
  A dart slug (D:1)
  2 ball pythons
  An endoplasm (D:3)
  A goblin (D:3)
  3 kobolds
  2 quokkas (D:1)
  4 frilled lizards
  3 rats
21 creatures vanquished.

Notes
Turn   | Place    | Note
-------+----------+-------------------------------------------
     0 | D:1      | M4edhros the Octopode Transmuter began the quest for the
                  | Orb.
     0 | D:1      | Reached XP level 1. HP: 13/13 MP: 3/3
    79 | D:1      | Reached XP level 2. HP: 18/18 MP: 5/5
   170 | D:3      | Noticed Sigmund
   182 | D:3      | Killed Sigmund
   183 | D:3      | Reached skill level 4 in Unarmed Combat
   183 | D:3      | Reached XP level 3. HP: 20/25 MP: 6/6
   183 | D:3      | Reached XP level 4. HP: 25/30 MP: 7/7
   183 | D:3      | Reached XP level 5. HP: 29/35 MP: 8/8
   309 | D:3      | Found a runed translucent door.
   310 | D:3      | Noticed Crazy Yiuf
   390 | D:3      | Noticed Ijyb
   400 | D:3      | Killed Ijyb
   582 | D:4      | You fall into a shaft and drop 1 floor!
   582 | D:5      | Entered Level 5 of the Dungeon
   594 | D:5      | Noticed an ogre
   599 | D:5      | Reached skill level 5 in Unarmed Combat
   599 | D:5      | Reached XP level 6. HP: 41/41 MP: 9/9
   606 | D:5      | Slain by an ogre

Illustrated notes

Levels and vault maps discovered:
D:1:      mrwooster_arrival_statue_2, layout_loops_ring,
          hellmonk_ecumenical_altar_crossroads, serial_shops, shop,
          glass_columns_a, serial_bayou_ford_a
D:2:      wad_river_or_something, layout_basic, basic_altar,
          cheibrodos_gnoll_hut, uniq_natasha, uniq_robin
D:3:      layout_basic, uniq_crazy_yiuf_cottage, uniq_ijyb, uniq_sigmund
D:4:      layout_loops_corners
D:5:      layout_gridville, minmay_temple_entry_mini_moons,
          gammafunk_ghost_arena, minmay_misc_feat_x

Skill      XL: |  1  2  3  4  5 |
---------------+----------------+-----
Fighting       | 2 |  2.9
Dodging        | 3 |  3.4
Unarmed Combat | 4 5 |  5.0
Spellcasting   | |  2.0
Transmutations | |  2.0

Action                     |  1- 3 |  4- 6 || total
---------------------------+-------+-------++-------
  Melee: Unarmed           |    28 |    24 ||    52
         Constrict         |     7 |     6 ||    13
         Tentacles         |     6 |     3 ||     9
         Punch             |     2 |     1 ||     3
   Cast: Beastly Appendage |       |     1 ||     1
    Use: Potion            |       |     2 ||     2
   Stab: Sleeping          |     3 |     3 ||     6
  Dodge: Dodged            |    12 |     7 ||    19

Table legend: (Time is in decaauts)
 A = Elapsed time spent in this place.
 B = Non-inter-level travel time spent in this place.
 C = Inter-level travel time spent in this place.
 D = Time resting spent in this place.
 E = Time spent auto-exploring this place.
 F = Levels seen in this place.
 G = Mean time per level.
                   A        B        C        D        E       F      G
               +--------+--------+--------+--------+--------+-----+--------+
         Total |    602 |    589 |     13 |      0 |    418 |   5 |  120.4 |
       Dungeon |    602 |    589 |     13 |      0 |    418 |   5 |  120.4 |
               +--------+--------+--------+--------+--------+-----+--------+

Top non-repeatable levels by time:
     D:3: 422 daAuts
     D:1: 119 daAuts
     D:2: 37 daAuts
     D:5: 23 daAuts
